 Dungeon Crawl Stone Soup version 0.28-a0-1506-g3893175d92 (webtiles) character file.

Game seed: 15429063135001710529

25 lunkers the Sneak (level 2, -1/23 HPs)
             Began as a Vampire Delver on Jan 13, 2022.
             Slain by a phantom (3 damage)
             ... on level 5 of the Dungeon.
             The game lasted 00:00:19 (36 turns).

lunkers the Sneak (Vampire Delver)                    Turns: 36, Time: 00:00:19

Health: -1/23      AC:  3    Str: 11    XL:     2   Next: 82%
Magic:  2/2        EV: 12    Int: 12    God:
Gold:   0          SH:  0    Dex: 15    Spells: 1/1 levels left

rFire   . . .      SeeInvis +   a - +0 short sword
rCold   . . .      Faith    .   (no shield)
rNeg    . . .      Spirit   .   b - +0 leather armour
rPois   .          Reflect  .   (no helmet)
rElec   .          Harm     .   (no cloak)
rCorr   .          Rampage  .   (no gloves)
Will    .....                   (no boots)
Stlth   ++++......              (no amulet)
HPRegen 0.27/turn               (no ring)
MPRegen 0.08/turn               (no ring)

@: healing quickly
A: alive, fangs 3, see invisible, vampiric 1
a: Exsanguinate


You were on level 5 of the Dungeon.
You visited 1 branch of the dungeon, and saw 1 of its levels.

Inventory:

Hand Weapons
 a - a +0 short sword (weapon)
Armour
 b - a +0 leather armour (worn)
Wands
 g - a wand of digging (3)
Scrolls
 c - a scroll of fog
 d - a scroll of magic mapping
 e - a scroll of fear
Potions
 f - a potion of haste


   Skills:
 - Level 2.6 Fighting
 + Level 3.1 Short Blades
 - Level 2.1 Dodging
 + Level 7.9 Stealth


You had one spell level left.
You didn't know any spells.
Your spell library was empty.

Dungeon Overview and Level Annotations

Branches:
Dungeon (5/15)
 Temple: D:4-7

Altars:


Innate Abilities, Weirdness & Mutations

Your natural rate of healing is accelerated.
You have razor-sharp teeth.
You have supernaturally acute eyesight. (SInv)
You are afflicted with vampirism.


Message History

Unknown command.
You closely miss the phantom.
The phantom is lightly damaged.
Unknown command.
You hit the phantom.
The phantom is moderately damaged.
The phantom barely misses you.
Unknown command.
You closely miss the phantom.
The phantom is moderately damaged.
The phantom closely misses you.
Unknown command.
You hit the phantom.
The phantom is moderately damaged.
The phantom misses you.
Unknown command.
You hit the phantom but do no damage.
The phantom is moderately damaged.
The phantom closely misses you.
Unknown command.
You barely miss the phantom.
The phantom is moderately damaged.
The phantom hits you but does no damage.
Unknown command.
You closely miss the phantom.
The phantom is moderately damaged.
The phantom hits you!
* * * LOW HITPOINT WARNING * * *
You closely miss the phantom. You bite the phantom.
The phantom is moderately damaged.
The phantom misses you.
Unknown command.
You miss the phantom.
The phantom is moderately damaged.
The phantom hits you.
* * * LOW HITPOINT WARNING * * *
You hit the phantom.
The phantom is heavily damaged.
The phantom hits you.
You die...

######## #.....?..
#......# #........
######...>..# #.†......
............#####........
........................)
............#####........
............# #........
######......# ########.
#....W@# ########


You could see a phantom.

Vanquished Creatures
  An iguana (D:5)
1 creature vanquished.

Notes
Turn   | Place    | Note
-------+----------+-------------------------------------------
     0 | D:5      | lunkers the Vampire Delver began the quest for the Orb.
     0 | D:5      | Reached XP level 1. HP: 17/17 MP: 1/1
     5 | D:5      | Noticed an iguana
     6 | D:5      | Noticed a phantom
     8 | D:5      | Killed an iguana
     9 | D:5      | Reached XP level 2. HP: 23/23 MP: 2/2
    36 | D:5      | Slain by a phantom

Illustrated notes

Levels and vault maps discovered:
D:5:      layout_basic

Skill      XL: |  1 |
---------------+----+-----
Short Blades   | 3 |  3.1
Fighting       | |  2.6
Dodging        | |  2.1
Stealth        | |  7.9

Action                   || total
-------------------------++-------
Melee: Short sword       ||    17
       Bite              ||     2
 Stab: Sleeping          ||     1
Armor: Leather armour    ||     2
Dodge: Dodged            ||     6

Table legend: (Time is in decaauts)
 A = Elapsed time spent in this place.
 B = Non-inter-level travel time spent in this place.
 C = Inter-level travel time spent in this place.
 D = Time resting spent in this place.
 E = Time spent auto-exploring this place.
 F = Levels seen in this place.
 G = Mean time per level.
                   A        B        C        D        E       F      G
               +--------+--------+--------+--------+--------+-----+--------+
         Total |     34 |     34 |      0 |      0 |      5 |   1 |   34.0 |
       Dungeon |     34 |     34 |      0 |      0 |      5 |   1 |   34.0 |
               +--------+--------+--------+--------+--------+-----+--------+

Top non-repeatable levels by time:
     D:5: 34 daAuts
